[Event "Wednesday Night Engine Blitz Tour DRR 3m+1s Starts at 2200hrs"]
[Site "Infinity Chess"]
[Date "2018.4.25"]
[Round "1"]
[White "light"]
[Black "gmmarolideus"]
[Result "1/2-1/2"]
[ECO "C16"]
[WhiteElo "2514"]
[BlackElo "2292"]
[WhiteEngine "Cfish_x64_180418_ELTO_CTG"]
[BlackEngine "asmFishW_2018-04-07_popcnt_CTG"]
[EventType "Round Robin"]
[WhiteTeam ""]
[BlackTeam ""]
[PlyCount "152"]
[TimeControl "180+1"]

1. e4 e6 2. d4 d5 3. Nc3 Bb4 4. e5 Ne7 5. a3 Bxc3+ 6. bxc3 c5 7. Qg4 O-O 
8. Bd3 f5 9. exf6 Rxf6 10. Bg5 Rf7 11. Qh5 g6 12. Qd1 Nbc6 13. Nf3 Qa5 
14. Bd2 c4 15. Be2 Nf5 16. h4 h6 17. a4 Bd7 18. Rb1 b6 19. O-O Nd6 20. Bxh6 Ne4 
21. Bd2 Nxc3 22. Ng5 Nxd1 23. Bxa5 Nxa5 24. Bxd1 Re7 25. c3 Nb3 26. Bxb3 cxb3 
27. Rxb3 Bxa4 28. Ra3 Bc6 29. Rb1 e5 30. Nf3 e4 31. Ne5 Re6 32. f3 exf3 
33. gxf3 Bb7 34. Kf2 Kh7 35. Raa1 Bc8 36. Rb5 Bb7 37. Ke3 Rf6 38. Rb2 Bc8 
39. Rg2 Bf5 40. Rg5 a5 41. h5 Kh6 42. f4 Kg7 43. Nxg6 Kh7 44. Kd2 Be4 
45. Ne7 Rd8 46. Ke3 Rd7 47. Re5 Rf7 48. Nc6 Rf6 49. Ne7 Rf7 50. Ng6 Rc7 
51. Kd2 Rf6 52. Ne7 Rxf4 53. Nxd5 Bxd5 54. Rxd5 Rf2+ 55. Ke3 Rc2 56. c4 R2xc4 
57. Rb1 Rc3+ 58. Ke4 R3c6 59. Rf1 Rh6 60. Rf8 Re7+ 61. Kd3 Ra7 62. Rdd8 Kg7 
63. Rg8+ Kf7 64. Rg5 a4 65. Rdg8 Kf6 66. Rb5 a3 67. Rxb6+ Kf7 68. Rxh6 Kxg8 
69. Rg6+ Kh7 70. Rg1 a2 71. Ra1 Ra4 72. Ke4 Kh6 73. Ke5 Kxh5 74. d5 Kg6 
75. Ke6 Re4+ 76. Kd7 Ra4 1/2-1/2

[Event "Wednesday Night Engine Tour 11 Rd Swiss 5m+1s Starts at 2200hrs ST"]
[Site "Infinity Chess"]
[Date "2018.4.5"]
[Round "11"]
[White "Deep_Impact"]
[Black "klasman"]
[Result "1-0 "]
[ECO "C42"]
[WhiteElo "2501"]
[BlackElo "2460"]
[WhiteEngine "kt-2016.00b"]
[BlackEngine "SugaR.XPrO.1.4.64.POCNT"]
[EventType "Swiss"]
[WhiteTeam ""]
[BlackTeam ""]
[PlyCount "187"]
[TimeControl "300+1"]

1. e4 e5 2. Nf3 Nf6 3. Nxe5 d6 4. Nf3 Nxe4 5. d4 d5 6. Bd3 Nc6 7. O-O Be7 
8. c4 Nb4 9. Be2 O-O 10. Nc3 Bf5 11. a3 Nxc3 12. bxc3 Nc6 13. Re1 Re8 
14. cxd5 Qxd5 15. Bf4 Rac8 16. Bd3 Qd7 17. Rb1 b6 18. d5 Bxd3 19. Qxd3 Bf8 
20. Ng5 g6 21. h4 Bxa3 22. Qd2 Na5 23. Ne4 Be7 24. Bh6 Nb7 25. Qd4 f6 
26. Qxf6 Bf8 27. Bxf8 Rxf8 28. h5 Qf7 29. Qd4 Nd6 30. h6 Nxe4 31. Rxe4 Rcd8 
32. Rd1 Rd7 33. g3 Qf6 34. Re5 g5 35. Qe3 Qxh6 36. Rd4 Kh8 37. Rxg5 Rg7 
38. Rdg4 Rg6 39. f4 Rxg5 40. Rxg5 Qf6 41. Kg2 Rf7 42. Qe6 Qe7 43. Re5 Qf8 
44. Qc6 Re7 45. c4 Rxe5 46. fxe5 Qe7 47. e6 Kg7 48. Qa4 a5 49. c5 bxc5 
50. Qxa5 Qd6 51. Qc3+ Kg8 52. Qf3 Qe7 53. Qe3 Kf8 54. Qf4+ Kg8 55. Kh3 Kg7 
56. Qe5+ Kg6 57. Kg4 h6 58. Kh3 Kh7 59. Kg2 Kg8 60. Kf2 Qg7 61. Qe4 Qf6+ 
62. Kg2 Kf8 63. Qe3 Qf5 64. Qxc5+ Kg8 65. Qc4 Qe5 66. Qg4+ Kh7 67. Qf3 Qb2+ 
68. Qf2 Qg7 69. Qf5+ Kg8 70. Kh3 Kh8 71. Qf4 Kg8 72. Qg4 Kf8 73. Qxg7+ Kxg7 
74. e7 Kf7 75. e8=Q+ Kxe8 76. Kg4 Kf8 77. Kf5 Ke8 78. Kg6 h5 79. Kxh5 Kd7 
80. g4 Ke8 81. g5 Kf7 82. g6+ Kf6 83. Kh6 Ke7 84. g7 Kf7 85. Kh7 Kf6 
86. g8=Q Ke5 87. Qd8 Kd4 88. Qxc7 Kxd5 89. Kg6 Kd4 90. Kf5 Kd5 91. Qc3 Kd6 
92. Qc4 Kd7 93. Qc5 Ke8 94. Ke6 1-0

[Event "Wednesday Night Engine Tour 11 Rd Swiss 5m+1s Starts at 2200hrs ST"]
[Site "Infinity Chess"]
[Date "2018.4.5"]
[Round "11"]
[White "RonWeasley"]
[Black "star99"]
[Result "1/2-1/2"]
[ECO "A50"]
[WhiteElo "2517"]
[BlackElo "2481"]
[WhiteEngine "BrainFish 010418 WM_CTG"]
[BlackEngine "Cryptic Heroes 9.3B"]
[EventType "Swiss"]
[WhiteTeam ""]
[BlackTeam ""]
[PlyCount "146"]
[TimeControl "300+1"]

1. d4 Nf6 2. c4 c6 3. Nf3 d5 4. e3 Bf5 5. Nc3 e6 6. Nh4 Bg6 7. Nxg6 hxg6 
8. Qb3 Qb6 9. Bd2 Nbd7 10. h3 Be7 11. O-O-O Qc7 12. Kb1 a6 13. Rc1 dxc4 
14. Bxc4 b5 15. Be2 c5 16. e4 Qb7 17. e5 Ne4 18. Nxe4 Qxe4+ 19. Qd3 Qxd3+ 
20. Bxd3 c4 21. Be4 Rb8 22. Bc6 Rc8 23. Bb7 Rb8 24. Bxa6 Rb6 25. Bc8 Kd8 
26. Bxd7 Kxd7 27. a3 Rb7 28. Rhe1 Ra8 29. Kc2 Ra4 30. Bc3 Kc6 31. Ra1 Kd5 
32. Rf1 Ra8 33. Rh1 g5 34. Rae1 Ra4 35. Ra1 Raa7 36. Rad1 Ra4 37. Kd2 Rb8 
38. Rhf1 Rh8 39. Rfe1 Bd8 40. Rb1 Be7 41. Re2 Rh4 42. f3 Rh8 43. Ke3 Rb8 
44. f4 Ra7 45. fxg5 Bxg5+ 46. Kf3 Bd8 47. Rf1 Rbb7 48. Bb4 Ra8 49. Bc5 Be7 
50. Bxe7 Rxe7 51. Kf4 Rb7 52. h4 b4 53. axb4 Ra4 54. b5 Rb4 55. Rd1 R7xb5 
56. Rdd2 Rb3 57. Rf2 R5b4 58. h5 Rd3 59. Rxd3 cxd3 60. Ke3 Rxd4 61. Rxf7 Kxe5 
62. Kd2 Rg4 63. Kxd3 Rxg2 64. b3 Kd5 65. b4 Rg3+ 66. Kc2 Kc6 67. Ra7 Kb5 
68. Rf7 Kxb4 69. Re7 e5 70. h6 gxh6 71. Kd2 Rg5 72. Kd3 Kc5 73. Re6 Kd5 1/2-1/2

[Event "Wednesday Night Engine Tour 11 Rd Swiss 5m+1s Starts at 2200hrs ST"]
[Site "Infinity Chess"]
[Date "2018.4.5"]
[Round "11"]
[White "KULLANI"]
[Black "MCDermont"]
[Result "1/2-1/2"]
[ECO "C11"]
[WhiteElo "2440"]
[BlackElo "2536"]
[WhiteEngine "BrainFish_180329_x64"]
[BlackEngine "BrainFish 010418 WM_CTG"]
[EventType "Swiss"]
[WhiteTeam ""]
[BlackTeam ""]
[PlyCount "121"]
[TimeControl "300+1"]

1. e4 e6 2. d4 d5 3. Nc3 Nf6 4. e5 Nfd7 5. f4 c5 6. Nf3 Nc6 7. Be3 cxd4 
8. Nxd4 Qb6 9. Qd2 Qxb2 10. Rb1 Qa3 11. Bb5 Nxd4 12. Bxd4 a6 13. Bxd7+ Bxd7 
14. Rb3 Qe7 15. Rxb7 Rc8 16. O-O Qd8 17. f5 exf5 18. Qd3 Bc5 19. Bxc5 Rxc5 
20. Nxd5 Bc8 21. Re7+ Kf8 22. Qa3 Qa5 23. Qxa5 Rxa5 24. Rc7 Be6 25. Nf4 Rxe5 
26. Nxe6+ Rxe6 27. Rxf5 Re7 28. Rc8+ Re8 29. Rfc5 Ke7 30. R8c6 g6 31. a4 Ra8 
32. Rc7+ Kf6 33. Rc4 Rhf8 34. Rf4+ Kg7 35. c4 Rab8 36. c5 g5 37. Rc4 Rfc8 
38. Rxc8 Rxc8 39. c6 Kf8 40. Kf2 Ke7 41. Kf3 Ke6 42. Kg4 f6 43. c7 Kd6 
44. Kf5 Rxc7 45. Rxc7 Kxc7 46. Kxf6 Kb6 47. g4 Ka5 48. Kxg5 Kxa4 49. Kh6 a5 
50. Kxh7 Kb4 51. g5 a4 52. g6 a3 53. g7 a2 54. g8=Q a1=Q 55. Qg4+ Ka3 
56. Qg3+ Ka4 57. Qf4+ Ka3 58. Qf8+ Kb3 59. Qf7+ Kb4 60. Qf4+ Ka3 61. Qg3+ 
1/2-1/2

[Event "Wednesday Night Engine Tour 11 Rd Swiss 5m+1s Starts at 2200hrs ST"]
[Site "Infinity Chess"]
[Date "2018.4.5"]
[Round "11"]
[White "SkyPilot"]
[Black "OlivierEvan"]
[Result "1/2-1/2"]
[ECO "B90"]
[WhiteElo "2529"]
[BlackElo "2469"]
[WhiteEngine "stockfish_x64_bmi2_2018_03_30_CTG"]
[BlackEngine "Houdini 6"]
[EventType "Swiss"]
[WhiteTeam ""]
[BlackTeam ""]
[PlyCount "137"]
[TimeControl "300+1"]

1. e4 c5 2. Nf3 d6 3. d4 cxd4 4. Nxd4 Nf6 5. Nc3 a6 6. Be3 e5 7. Nb3 Be6 
8. f3 h5 9. Qd2 Nbd7 10. Nd5 Bxd5 11. exd5 g6 12. O-O-O Nb6 13. Qa5 Bh6 
14. Bxh6 Rxh6 15. Qd2 Rh8 16. Na5 Qc7 17. c4 Kf8 18. Kb1 Nbd7 19. Bd3 Kg7 
20. Ka1 b5 21. Rhe1 Qc5 22. Kb1 Qb6 23. a3 Nc5 24. Bf1 Rhe8 25. Ka2 e4 
26. cxb5 axb5 27. Nc6 Ra4 28. Re3 Ncd7 29. Be2 exf3 30. Rxe8 Nxe8 31. gxf3 Nef6 
32. b4 Ra8 33. Nd4 Ne5 34. Qb2 Nc4 35. Bxc4 bxc4 36. Qc3 Rc8 37. Nc2 Qf2 
38. Rd2 Qg1 39. a4 Qf1 40. Na3 Qe1 41. Nc2 Qf1 42. a5 Kg8 43. Rd4 Qe2 
44. Ka3 Qxh2 45. Rxc4 Rxc4 46. Qxc4 Kg7 47. a6 Qf2 48. Nd4 Nd7 49. Qc3 Kh7 
50. Nb3 Qe2 51. Qc6 Nb8 52. Qxd6 Nxa6 53. Qf6 Qb5 54. Qxf7+ Kh6 55. Qf4+ g5 
56. Qe4 Nxb4 57. Qxb4 Qxd5 58. f4 h4 59. Qb6+ Kh5 60. fxg5 h3 61. Qh6+ Kg4 
62. g6 Qd6+ 63. Ka2 Qa6+ 64. Kb1 h2 65. g7 Qxh6 66. g8=Q+ Qg5 67. Qh8 Qe5 
68. Qxe5 h1=Q+ 69. Nc1 1/2-1/2

[Event "Wednesday Night Engine Tour 11 Rd Swiss 5m+1s Starts at 2200hrs ST"]
[Site "Infinity Chess"]
[Date "2018.4.5"]
[Round "11"]
[White "MrScience"]
[Black "MarioDeMonti"]
[Result "1/2-1/2 "]
[ECO "E10"]
[WhiteElo "2472"]
[BlackElo "2529"]
[WhiteEngine "cfish"]
[BlackEngine "stockfish_x64_bmi2_2018_02_18_CTG"]
[EventType "Swiss"]
[WhiteTeam ""]
[BlackTeam ""]
[PlyCount "48"]
[TimeControl "300+1"]

1. d4 Nf6 2. c4 e6 3. Nf3 d5 4. g3 dxc4 5. Bg2 Bb4+ 6. Bd2 a5 7. Qc2 Nc6 
8. Qxc4 Qd5 9. Qd3 Qe4 10. Qxe4 Nxe4 11. Bxb4 axb4 12. O-O Bd7 13. e3 Ke7 
14. Rc1 Ra5 15. Ne5 Nxe5 16. Bxe4 Nc6 17. a4 bxa3 18. Nxa3 Rha8 19. Rab1 Kd8 
20. Rc3 R8a7 21. Nc4 Ra1 22. Rf1 h6 23. Rxa1 Rxa1+ 24. Kg2 Ra4 1/2-1/2

[Event "Wednesday Night Engine Tour 11 Rd Swiss 5m+1s Starts at 2200hrs ST"]
[Site "Infinity Chess"]
[Date "2018.4.5"]
[Round "11"]
[White "KillBill2017"]
[Black "THE_MACHINE"]
[Result "1/2-1/2"]
[ECO "C55"]
[WhiteElo "2521"]
[BlackElo "2580"]
[WhiteEngine "Raubfisch ME262_GTZ17_CTG"]
[BlackEngine "BrainFish_180401_x64_bmi2"]
[EventType "Swiss"]
[WhiteTeam ""]
[BlackTeam ""]
[PlyCount "74"]
[TimeControl "300+1"]

1. e4 e5 2. Nf3 Nc6 3. Bc4 Nf6 4. d3 Bc5 5. O-O d6 6. c3 O-O 7. Nbd2 a5 
8. Re1 Be6 9. Bb5 Ne7 10. d4 Ba7 11. h3 Ng6 12. Ba4 Nh5 13. Nf1 Nhf4 
14. Ng3 exd4 15. Nxd4 Bxd4 16. cxd4 d5 17. Qf3 Qh4 18. Bc2 c6 19. Bxf4 Qxf4 
20. Qxf4 Nxf4 21. e5 f6 22. Ne2 fxe5 23. Nxf4 Rxf4 24. Rxe5 Bf7 25. Rd1 Re8 
26. Rxe8+ Bxe8 27. g3 Rf6 28. Re1 Kf7 29. h4 Bd7 30. Bxh7 g6 31. Kg2 Bg4 
32. Re3 Bd1 33. f3 Kg7 34. Re7+ Kf8 35. Re3 Kg7 36. Re7+ Kf8 37. Re3 Kg7 1/2-1/2

[Event "Wednesday Night Engine Tour 11 Rd Swiss 5m+1s Starts at 2200hrs ST"]
[Site "Infinity Chess"]
[Date "2018.4.5"]
[Round "11"]
[White "ocirema"]
[Black "Seliga"]
[Result "1/2-1/2"]
[ECO "C50"]
[WhiteElo "2472"]
[BlackElo "2540"]
[WhiteEngine "asmFishW_2018-04-01_popcnt_CTG"]
[BlackEngine "SF9 ''M24''_CTG"]
[EventType "Swiss"]
[WhiteTeam ""]
[BlackTeam ""]
[PlyCount "122"]
[TimeControl "300+1"]

1. e4 e5 2. Nf3 Nc6 3. Bc4 Bc5 4. O-O d6 5. c3 Nf6 6. b4 Bb6 7. a4 a5 8. b5 Ne7 
9. Re1 O-O 10. d4 exd4 11. cxd4 d5 12. exd5 Nexd5 13. h3 Be6 14. Bg5 h6 
15. Bh4 Nf4 16. Na3 Re8 17. Qc2 N4d5 18. Bf1 Rc8 19. Nc4 c6 20. bxc6 bxc6 
21. Nce5 Nb4 22. Qd2 Bc7 23. Rac1 Bd6 24. Bc4 Bxc4 25. Rxc4 Bf8 26. Re3 c5 
27. Ng4 g5 28. Rxe8 Nxe8 29. Bg3 f5 30. Qe1 Qd7 31. Nge5 Qe6 32. Qc1 f4 
33. Bh2 Ng7 34. dxc5 Nf5 35. c6 Bg7 36. Rc5 Ne7 37. g3 fxg3 38. Bxg3 Nbxc6 
39. Ng4 Nb4 40. Rxc8+ Qxc8 41. Qe1 Ng6 42. Qe4 Qc1+ 43. Kg2 Qc6 44. Qxc6 Nxc6 
45. Nd2 Kf7 46. Ne3 Nge5 47. Bxe5 Nxe5 48. Nb3 Nd3 49. Nxa5 Nc5 50. Nac4 Nxa4 
51. Kg3 Nc3 52. Kg4 Kg6 53. f4 h5+ 54. Kf3 gxf4 55. Ng2 Kf5 56. Nxf4 Kg5 
57. Ne6+ Kf6 58. Nxg7 Kxg7 59. h4 Nd5 60. Kg3 Nc3 61. Nd6 Nd5 1/2-1/2

[Event "Wednesday Night Engine Tour 11 Rd Swiss 5m+1s Starts at 2200hrs ST"]
[Site "Infinity Chess"]
[Date "2018.4.5"]
[Round "11"]
[White "Murx"]
[Black "KRAKEN"]
[Result "1/2-1/2"]
[ECO "C50"]
[WhiteElo "2530"]
[BlackElo "2571"]
[WhiteEngine "BrainFish_180329_x64_modern"]
[BlackEngine "Raubfisch X38_CTG"]
[EventType "Swiss"]
[WhiteTeam ""]
[BlackTeam ""]
[PlyCount "143"]
[TimeControl "300+1"]

1. e4 e5 2. Nf3 Nc6 3. Bc4 Bc5 4. O-O Nf6 5. d3 d6 6. c3 Bb6 7. Bg5 h6 8. Bh4 g5 
9. Bg3 Ne7 10. a4 c6 11. Nbd2 Bc7 12. d4 Ng6 13. Bb3 O-O 14. Bc2 h5 15. Nc4 h4 
16. dxe5 dxe5 17. Bxe5 Nxe5 18. Nfxe5 Qxd1 19. Rfxd1 Be6 20. Nd6 Rfd8 
21. Nec4 Ng4 22. h3 b5 23. axb5 cxb5 24. hxg4 bxc4 25. Nf5 Rdb8 26. Ra2 Rb7 
27. Ne3 Rab8 28. Rb1 Bd6 29. Kf1 Be5 30. f3 Kg7 31. Ke2 Rh8 32. Rh1 Rbb8 
33. Nd5 a5 34. Ne3 Bf4 35. Nd5 Bxd5 36. exd5 Rb6 37. Bf5 Rhb8 38. Rb1 a4 
39. Bd7 a3 40. b4 cxb3 41. Rxa3 b2 42. c4 Rb3 43. Rxb3 Rxb3 44. c5 Kf6 
45. d6 Re3+ 46. Kf1 Rc3 47. Rxb2 Rc1+ 48. Ke2 Rxc5 49. Rb6 Rc2+ 50. Kf1 Rd2 
51. Be8 Bxd6 52. Rb7 Bg3 53. Rxf7+ Ke6 54. Rg7 Rf2+ 55. Kg1 Rd2 56. Kf1 Rd1+ 
57. Ke2 Rg1 58. Rxg5 Rxg2+ 59. Ke3 h3 60. f4 h2 61. Rh5 Rb2 62. Bc6 Ke7 
63. g5 Rb3+ 64. Ke4 Rb4+ 65. Ke3 Rxf4 66. g6 Kf6 67. g7 Kxg7 68. Rg5+ Kf6 
69. Rxg3 h1=Q 70. Bxh1 Ra4 71. Rg8 Ke5 72. Rg5+ 1/2-1/2

[Event "Wednesday Night Engine Tour 11 Rd Swiss 5m+1s Starts at 2200hrs ST"]
[Site "Infinity Chess"]
[Date "2018.4.5"]
[Round "10"]
[White "klasman"]
[Black "MrScience"]
[Result "1/2-1/2"]
[ECO "E10"]
[WhiteElo "2459"]
[BlackElo "2473"]
[WhiteEngine "SugaR.XPrO.1.4.64.POCNT"]
[BlackEngine "cfish"]
[EventType "Swiss"]
[WhiteTeam ""]
[BlackTeam ""]
[PlyCount "130"]
[TimeControl "300+1"]

1. d4 Nf6 2. c4 e6 3. Nf3 d5 4. Nc3 dxc4 5. e4 Bb4 6. Bg5 c5 7. Bxc4 h6 
8. Bxf6 Qxf6 9. O-O O-O 10. e5 Qd8 11. dxc5 Bxc3 12. bxc3 Nd7 13. Qd6 Qa5 
14. Bd3 Qxc5 15. Qd4 Qxd4 16. cxd4 Nb6 17. Be4 Rd8 18. Rfc1 Nd5 19. Rc5 b6 
20. Bxd5 Rxd5 21. Rxd5 exd5 22. Ne1 Bd7 23. Rc1 Rc8 24. Rxc8+ Bxc8 25. Nc2 g5 
26. g3 f6 27. f4 Kf7 28. Kf2 gxf4 29. gxf4 Ke6 30. Ne3 fxe5 31. fxe5 a5 
32. Ng4 h5 33. Ne3 b5 34. a3 Bb7 35. Ke1 Bc6 36. Kd2 Be8 37. Kc3 Bg6 38. Kb3 Be4 
39. Kc3 Bf3 40. Kb2 Be2 41. Kb3 Bf3 42. Kc3 h4 43. Kd3 h3 44. Kd2 Bh5 
45. Kc3 Bf3 46. Kd3 Bh5 47. Kc3 Bf3 48. Kc2 Bg2 49. Nd1 Be4+ 50. Kb3 Bg6 
51. Kb2 Bh5 52. Nf2 Kf5 53. Nxh3 Ke4 54. e6 Ke3 55. e7 b4 56. axb4 axb4 
57. Ng5 Kxd4 58. Kc2 Ke5 59. Nh3 b3+ 60. Kxb3 Kd6 61. Kc3 d4+ 62. Kc4 Kxe7 
63. Nf4 Bf7+ 64. Kxd4 Kf6 65. h3 Kg5 1/2-1/2

[Event "Wednesday Night Engine Tour 11 Rd Swiss 5m+1s Starts at 2200hrs ST"]
[Site "Infinity Chess"]
[Date "2018.4.5"]
[Round "10"]
[White "RonWeasley"]
[Black "KULLANI"]
[Result "1/2-1/2"]
[ECO "D30"]
[WhiteElo "2520"]
[BlackElo "2437"]
[WhiteEngine "BrainFish 010418 WM_CTG"]
[BlackEngine "BrainFish_180329_x64"]
[EventType "Swiss"]
[WhiteTeam ""]
[BlackTeam ""]
[PlyCount "110"]
[TimeControl "300+1"]

1. d4 d5 2. c4 e6 3. Nf3 Nf6 4. Nc3 c6 5. Bg5 h6 6. Bxf6 Qxf6 7. e3 Nd7 
8. Be2 Qd8 9. Qc2 Be7 10. Rc1 a6 11. O-O b6 12. e4 dxe4 13. Nxe4 O-O 14. c5 bxc5 
15. dxc5 a5 16. Rfd1 Qc7 17. Rd2 Nf6 18. Nxf6+ Bxf6 19. Rd6 Bb7 20. Rcd1 Rad8 
21. a3 Be7 22. Rxd8 Rxd8 23. Rxd8+ Qxd8 24. Qc4 g6 25. g3 Kg7 26. Qb3 Qc7 
27. Qe3 Bf6 28. Nd2 Qd8 29. Ne4 Bd4 30. Qb3 Bc8 31. Bc4 Qc7 32. Qf3 Bxb2 
33. Nd6 Qd7 34. Qe3 Bf6 35. h4 Qd8 36. h5 gxh5 37. Be2 Be7 38. Qd4+ Kg6 
39. Bf3 Bxd6 40. cxd6 Bd7 41. Qc4 c5 42. Qxc5 h4 43. gxh4 Qxh4 44. Bc6 Bxc6 
45. Qxc6 Qg5+ 46. Kh2 Qe5+ 47. Kg2 Qd4 48. d7 Kf6 49. Qc7 Qg4+ 50. Kh2 Qh4+ 
51. Kg1 Qg4+ 52. Kh1 Qh5+ 53. Kg1 Qg4+ 54. Kh2 Qh4+ 55. Kg1 Qg4+ 1/2-1/2

[Event "Wednesday Night Engine Tour 11 Rd Swiss 5m+1s Starts at 2200hrs ST"]
[Site "Infinity Chess"]
[Date "2018.4.5"]
[Round "10"]
[White "Murx"]
[Black "Deep_Impact"]
[Result "1-0"]
[ECO "C50"]
[WhiteElo "2514"]
[BlackElo "2517"]
[WhiteEngine "BrainFish_180329_x64_modern"]
[BlackEngine "kt-2016.00b"]
[EventType "Swiss"]
[WhiteTeam ""]
[BlackTeam ""]
[PlyCount "135"]
[TimeControl "300+1"]

1. e4 e5 2. Nf3 Nc6 3. Bc4 Bc5 4. O-O Nf6 5. d3 d6 6. c3 a5 7. Re1 O-O 
8. Nbd2 h6 9. h3 Be6 10. a4 Ba7 11. b3 Nd7 12. Ra2 Qf6 13. Nf1 Qg6 14. g4 Ne7 
15. Ng3 Nb6 16. Bb5 c6 17. Bc4 Rad8 18. Rb2 Nxc4 19. bxc4 Bc8 20. d4 Qe6 
21. Qd3 Ng6 22. Be3 Qd7 23. Qd2 f6 24. Nf5 Rfe8 25. Reb1 h5 26. Bh6 Re7 
27. gxh5 exd4 28. hxg6 Rxe4 29. Ng3 dxc3 30. Qxc3 Ree8 31. Be3 Rxe3 
32. fxe3 Qxh3 33. Rg2 Qh6 34. Kf2 Re8 35. Nd4 Qxg6 36. Rh1 Re5 37. Rgh2 Be6 
38. Rh8+ Kf7 39. Ra8 Bc5 40. Rhh8 Qb1 41. Raf8+ Kg6 42. Nge2 Rf5+ 43. Nf4+ Rxf4+ 
44. exf4 Bxd4+ 45. Qxd4 Qc2+ 46. Kf3 Qb3+ 47. Qe3 Qxe3+ 48. Kxe3 Bxc4 
49. Rh1 Kf5 50. Rg1 b5 51. Rxg7 bxa4 52. Rg5+ Ke6 53. Rxa5 c5 54. Rxa4 Bf1 
55. Re4+ Kf5 56. Re7 Bc4 57. Rd8 d5 58. Rc7 d4+ 59. Kf3 Bb3 60. Rxc5+ Ke6 
61. f5+ Ke7 62. Rxd4 Bg8 63. Rc7+ Ke8 64. Rc8+ Ke7 65. Rxg8 Kf7 66. Rh8 Kg7 
67. Rdh4 Kf7 68. R4h7# 1-0

[Event "Wednesday Night Engine Tour 11 Rd Swiss 5m+1s Starts at 2200hrs ST"]
[Site "Infinity Chess"]
[Date "2018.4.5"]
[Round "10"]
[White "MCDermont"]
[Black "ocirema"]
[Result "1/2-1/2"]
[ECO "E32"]
[WhiteElo "2539"]
[BlackElo "2469"]
[WhiteEngine "BrainFish 010418 WM_CTG"]
[BlackEngine "asmFishW_2018-04-01_popcnt_CTG"]
[EventType "Swiss"]
[WhiteTeam ""]
[BlackTeam ""]
[PlyCount "126"]
[TimeControl "300+1"]

1. d4 Nf6 2. c4 e6 3. Nc3 Bb4 4. Qc2 O-O 5. e4 d5 6. e5 Ne4 7. Bd3 c5 
8. Nf3 cxd4 9. Nxd4 Nd7 10. Bf4 Qh4 11. g3 Qh5 12. O-O g5 13. cxd5 Bxc3 
14. bxc3 exd5 15. Bxe4 dxe4 16. e6 gxf4 17. exd7 Bxd7 18. Qxe4 fxg3 19. fxg3 Bh3 
20. Rf3 Rfe8 21. Qxb7 Rab8 22. Qc6 Qg5 23. Rf2 Rbc8 24. Qf3 Re7 25. Nc6 Rec7 
26. Re1 Bg4 27. Qf4 Qxf4 28. Rxf4 Be6 29. Nd4 Bxa2 30. Ra1 Bc4 31. Nf5 Ra8 
32. Rg4+ Kh8 33. Re4 a6 34. Re5 f6 35. Rea5 Bd3 36. Ne3 Rxc3 37. Nd5 Rb3 
38. Nxf6 Rb2 39. Rc1 Rb5 40. Rca1 Rxa5 41. Rxa5 Rc8 42. Ra3 Bb5 43. h4 Kg7 
44. Nd5 Rc1+ 45. Kf2 Rc2+ 46. Ke3 Rc4 47. Nf4 Kf6 48. g4 Ke5 49. Nd3+ Kd6 
50. Kf3 Bc6+ 51. Kg3 a5 52. g5 Ra4 53. Rc3 Ra1 54. Ne5 Bb5 55. h5 a4 56. g6 hxg6 
57. hxg6 a3 58. g7 Kxe5 59. g8=Q Rg1+ 60. Kf2 Rxg8 61. Rxa3 Rc8 62. Ra5 Rc5 
63. Ke3 Rd5 1/2-1/2

[Event "Wednesday Night Engine Tour 11 Rd Swiss 5m+1s Starts at 2200hrs ST"]
[Site "Infinity Chess"]
[Date "2018.4.5"]
[Round "10"]
[White "star99"]
[Black "MarioDeMonti"]
[Result "1/2-1/2"]
[ECO "A46"]
[WhiteElo "2479"]
[BlackElo "2531"]
[WhiteEngine "Cryptic Heroes 9.3B"]
[BlackEngine "stockfish_x64_bmi2_2018_02_18_CTG"]
[EventType "Swiss"]
[WhiteTeam ""]
[BlackTeam ""]
[PlyCount "151"]
[TimeControl "300+1"]

1. d4 Nf6 2. Nf3 e6 3. Bg5 c5 4. e3 h6 5. Bxf6 Qxf6 6. Nbd2 cxd4 7. exd4 Nc6 
8. c3 d5 9. Bd3 Bd6 10. O-O O-O 11. Re1 Re8 12. Bf1 Bd7 13. g3 Rab8 14. a4 a6 
15. Nb3 b5 16. a5 Bc8 17. Re3 Bb7 18. Bd3 b4 19. Qe2 bxc3 20. bxc3 Qe7 
21. Re1 Bc8 22. Bc2 Qc7 23. Ne5 Bxe5 24. dxe5 Nxa5 25. Nxa5 Qxa5 26. Qd3 g6 
27. h4 Bd7 28. Rf3 Ba4 29. Bxa4 Qxa4 30. h5 Qg4 31. hxg6 Qxg6 32. Qxa6 Rb1 
33. Rxb1 Qxb1+ 34. Kg2 Qe4 35. Qa7 Rf8 36. Qd4 Qxd4 37. cxd4 Ra8 38. Rf4 Ra2 
39. Kh3 Kg7 40. Kh4 Rd2 41. Kg4 Ra2 42. Rf6 Ra3 43. Rf4 Ra4 44. Kh5 Rb4 
45. Rg4+ Kh7 46. Rf4 Kg7 47. Rg4+ Kh7 48. f3 Rb3 49. Rf4 Kg7 50. Rf6 Rb1 
51. Rf4 Ra1 52. Rg4+ Kh7 53. Rh4 Kg7 54. Rf4 Ra3 55. Rf6 Ra1 56. Rf4 Rb1 
57. Rg4+ Kf8 58. Kxh6 Rf1 59. f4 Rf2 60. Kg5 Kg7 61. Rh4 Rg2 62. Rh3 Rd2 
63. f5 exf5 64. Kxf5 Rxd4 65. g4 Re4 66. Rd3 Re1 67. g5 Rf1+ 68. Kg4 Rg1+ 
69. Kf5 Rf1+ 70. Kg4 d4 71. Rxd4 Rg1+ 72. Kf5 Rf1+ 73. Ke4 Rg1 74. Rd3 Rxg5 
75. Kf4 Rg6 76. Rd4 1/2-1/2

[Event "Wednesday Night Engine Tour 11 Rd Swiss 5m+1s Starts at 2200hrs ST"]
[Site "Infinity Chess"]
[Date "2018.4.5"]
[Round "10"]
[White "OlivierEvan"]
[Black "THE_MACHINE"]
[Result "1/2-1/2"]
[ECO "D31"]
[WhiteElo "2464"]
[BlackElo "2585"]
[WhiteEngine "Houdini 6"]
[BlackEngine "BrainFish_180401_x64_bmi2"]
[EventType "Swiss"]
[WhiteTeam ""]
[BlackTeam ""]
[PlyCount "110"]
[TimeControl "300+1"]

1. d4 d5 2. c4 e6 3. Nc3 c6 4. e4 dxe4 5. Nxe4 Bb4+ 6. Bd2 Qxd4 7. Bxb4 Qxe4+ 
8. Be2 Na6 9. Ba5 b6 10. Qd6 Bd7 11. Bc3 f6 12. Nf3 Nh6 13. Rd1 Rd8 14. Qa3 Bc8 
15. Nd2 Qf4 16. Bh5+ Nf7 17. O-O c5 18. Qa4+ Ke7 19. Rfe1 Ng5 20. Re3 Rd6 
21. Rde1 Rhd8 22. Nf3 Kf8 23. a3 Nf7 24. h3 Rd3 25. Rxd3 Rxd3 26. Be5 fxe5 
27. Bxf7 Nc7 28. Bg6 Rxf3 29. Qxa7 Qd2 30. Rf1 Rb3 31. Qxc7 Qd7 32. Qxd7 Bxd7 
33. Bxh7 Rxb2 34. Rb1 Ra2 35. Rxb6 Rxa3 36. Be4 Rc3 37. Bc6 Rc1+ 38. Kh2 Bxc6 
39. Rxc6 Rxc4 40. Rxe6 e4 41. Kg3 Kf7 42. Re5 Kf6 43. Re8 Kf7 44. Rc8 Rc2 
45. Rc6 c4 46. Rc5 c3 47. Rc6 g5 48. Rc5 Kf6 49. f4 gxf4+ 50. Kxf4 e3 
51. Rc6+ Ke7 52. Kxe3 Rxg2 53. h4 c2 54. h5 Rh2 55. Rc4 Kf6 1/2-1/2

[Event "Wednesday Night Engine Tour 11 Rd Swiss 5m+1s Starts at 2200hrs ST"]
[Site "Infinity Chess"]
[Date "2018.4.5"]
[Round "10"]
[White "Seliga"]
[Black "SkyPilot"]
[Result "1/2-1/2"]
[ECO "C55"]
[WhiteElo "2541"]
[BlackElo "2528"]
[WhiteEngine "SF9 ''M24''_CTG"]
[BlackEngine "stockfish_x64_bmi2_2018_03_30_CTG"]
[EventType "Swiss"]
[WhiteTeam ""]
[BlackTeam ""]
[PlyCount "63"]
[TimeControl "300+1"]

1. e4 e5 2. Nf3 Nc6 3. Bc4 Nf6 4. d3 Bc5 5. c3 d6 6. Nbd2 O-O 7. O-O a5 
8. Re1 Ba7 9. h3 Be6 10. Bb5 Ne7 11. d4 Ng6 12. Ba4 Nh5 13. Nf1 Nhf4 
14. Ng3 exd4 15. Nxd4 Bxd4 16. cxd4 d5 17. Bc2 dxe4 18. Rxe4 Nd5 19. a3 Ra6 
20. Re1 f5 21. Bd2 Rd6 22. Bxa5 Kh8 23. Bb3 Nh4 24. Bb4 Nxb4 25. Rxe6 Rxd4 
26. Qh5 Nd3 27. Ne2 Rf4 28. g3 Nf3+ 29. Kg2 Nh4+ 30. Kg1 Nf3+ 31. Kg2 Nh4+ 
32. Kg1 1/2-1/2

[Event "Wednesday Night Engine Tour 11 Rd Swiss 5m+1s Starts at 2200hrs ST"]
[Site "Infinity Chess"]
[Date "2018.4.5"]
[Round "10"]
[White "KRAKEN"]
[Black "KillBill2017"]
[Result "1/2-1/2"]
[ECO "D31"]
[WhiteElo "2573"]
[BlackElo "2519"]
[WhiteEngine "Raubfisch X38_CTG"]
[BlackEngine "Raubfisch ME262_GTZ17_CTG"]
[EventType "Swiss"]
[WhiteTeam ""]
[BlackTeam ""]
[PlyCount "131"]
[TimeControl "300+1"]

1. d4 d5 2. c4 e6 3. Nc3 c6 4. e3 Nf6 5. Nf3 Nbd7 6. Bd3 dxc4 7. Bxc4 b5 
8. Be2 Bb7 9. O-O Be7 10. a3 a5 11. b3 b4 12. axb4 axb4 13. Na4 O-O 14. Bb2 c5 
15. Nd2 cxd4 16. Bxd4 Qb8 17. Nc4 Rd8 18. Qc2 Rc8 19. Qd2 Ne4 20. Qb2 Bf6 
21. Bxf6 Nexf6 22. Qd4 e5 23. Qd2 Bc6 24. Rfd1 Bd5 25. h3 h6 26. Rac1 Rc6 
27. Bd3 Be6 28. e4 Ra7 29. Qe3 Rac7 30. Ra1 Nh5 31. Na5 Rd6 32. Nc4 Rdc6 
33. Bf1 Ra7 34. Kh2 Nhf6 35. Be2 Kh7 36. Rdc1 Rac7 37. Re1 Kg8 38. Red1 Rc8 
39. f3 Qc7 40. Ra2 Kh7 41. Bf1 Ne8 42. Qd2 Qb8 43. Rda1 R6c7 44. Ne3 Ra7 
45. Bc4 Nc7 46. Rc1 Rd8 47. Qd6 Bxc4 48. Rxc4 Ne6 49. Qxb8 Rxb8 50. Nc3 Rxa2 
51. Nxa2 Ndc5 52. Rxb4 Rxb4 53. Nxb4 Nxb3 54. Kg3 f6 55. Nf5 h5 56. Nd6 Nbd4 
57. h4 Kg8 58. Nd5 Kf8 59. Kf2 Nf4 60. Nxf4 exf4 61. g3 fxg3+ 62. Kxg3 Ke7 
63. Nc4 g5 64. hxg5 fxg5 65. Kf2 Ne6 66. Nd2 1/2-1/2